 Dungeon Crawl Stone Soup version 0.29.0-4-gdea44cf6ec (webtiles) character file.

Game seed: 1382209417904860975

595 Plasmagod the Cleaver (level 7, -13/52 HPs)
             Began as a Formicid Fighter on Aug 27, 2022.
             Was a Believer of Trog.
             Mangled by an ogre
             ... wielding a +0 giant spiked club
              (26 damage)
             ... on level 4 of the Dungeon.
             The game lasted 00:06:45 (4778 turns).

Plasmagod the Cleaver (Formicid Fighter)            Turns: 4778, Time: 00:06:45

Health: -13/52     AC:  6    Str: 22    XL:     7   Next: 67%
Magic:  7/7        EV:  9    Int:  8    God:    Trog [**....]
Gold:   158        SH:  5    Dex: 13    Spells: 6/6 levels left

rFire   . . .      SeeInvis +   a - +0 war axe
rCold   + . .      Faith    .   c - +0 buckler
rNeg    . . .      Spirit   .   b - +0 scale mail
rPois   .          Reflect  .   (helmet unavailable)
rElec   .          Harm     .   (no cloak)
rCorr   .          Rampage  .   (no gloves)
Will    .....                   (no boots)
Stlth   ..........              (no amulet)
HPRegen 0.17/turn               q - ring of protection from cold
MPRegen 0.10/turn               (no ring)

@: no status effects
A: permanent stasis, dig shafts and tunnels, antennae 3, four strong arms
a: Dig, Shaft Self, Renounce Religion, Trog's Hand


You were on level 4 of the Dungeon.
You worshipped Trog.
Trog was pleased with you.
You visited 1 branch of the dungeon, and saw 4 of its levels.

You collected 158 gold pieces.

Inventory:

Hand Weapons
 a - a +0 war axe (weapon)
Armour
 b - a +0 scale mail (worn)
 c - a +0 buckler (worn)
Jewellery
 q - a ring of protection from cold (left hand)
 t - a ring of fire
Wands
 r - a wand of paralysis (5)
Scrolls
 f - 2 scrolls of fear {unknown}
 h - 4 scrolls of identify {unknown}
 i - a scroll of vulnerability {unknown}
 k - 3 scrolls of blinking {unknown}
 l - a scroll of teleportation {unknown}
 m - a scroll of enchant weapon {unknown}
 n - a scroll of amnesia {unknown}
 o - a scroll of acquirement {unknown}
Potions
 d - 2 potions of might
 e - 3 potions of lignification {unknown}
 g - 2 potions of curing {unknown}
 j - 2 potions of flight {unknown}
 p - a potion of resistance {unknown}
 s - 2 potions of mutation {unknown}
 u - a potion of degeneration {unknown}
 v - 2 potions of heal wounds {unknown}


   Skills:
 - Level 3.2 Fighting
 + Level 8.0 Axes
 - Level 3.2 Armour
 - Level 4.0 Shields


You had 6 spell levels left.
You didn't know any spells.
Your spell library was empty.

Dungeon Overview and Level Annotations

Branches:
Dungeon (4/15)
 Temple: D:4-7

Altars:
Trog
Uskayaw
Xom

Annotations:
D:4 1 exclusion


Innate Abilities, Weirdness & Mutations

You cannot be hasted, slowed, berserked, paralysed or teleported.
You can dig through walls and to a lower floor.
You have a pair of large antennae on your head. (SInv)
Your four strong arms can wield two-handed weapons with a shield.


Message History

Trog accepts your kill.
Your Axes skill increases to level 8!
No reachable target in view!
Found a whip.
h - 4 scrolls labelled NIECOPLYUSA (gained 1)
The adder hisses angrily.
You block the adder's attack.
You slash the adder!
You kill the adder!
Trog accepts your kill.
No target in view!
You see here an adder corpse.
You see here an adder corpse.
You see here a +0 robe.
Found a piece from Xom's chessboard (15/15).
Found a shimmering altar of Xom.
v - 2 grey potions
There is a shimmering altar of Xom here.
You see here a piece from Xom's chessboard (15/15).
An ogre comes into view. It is wielding a +0 giant spiked club.
Found a stone staircase leading up.
You closely miss the ogre.
The ogre hits you with a +0 giant spiked club!!
You hit the ogre.
The ogre is lightly wounded.
The ogre barely misses you.
You hit the ogre but do no damage.
The ogre is lightly wounded.
You hit the ogre.
The ogre is lightly wounded.
You block the ogre's attack.
You hit the ogre but do no damage.
The ogre is lightly wounded.
The ogre hits you with a +0 giant spiked club!!
* * * LOW HITPOINT WARNING * * *
You hit the ogre.
The ogre is moderately wounded.
The ogre hits you with a +0 giant spiked club!!
Ouch! That really hurt!
You die...

#..........#
#.#
###..........#
#.#
#............#
#.#
.............#
#.#
.....##......#
#.###
.....#########
#...# .....#
####### #._.#
.....#
.......####...#
.....#
#....O@....###
.....#
#.###...####
.....# ....##.#
.....# ###. ...
.....# # #<...
..(..#{ ####..
###### { ..# #
#.# #


You could see an ogre.

Vanquished Creatures
  A centaur (D:4)
  2 phantoms (D:4)
  A necrophage (D:4)
  A hound (D:4)
  4 iguanas
  7 adders
  2 gnolls (D:3)
  A white imp (D:4)
  4 worms
  2 dart slugs
  3 orcs
  4 ball pythons
  4 endoplasms
  3 giant cockroaches
  7 goblins
  9 hobgoblins
  3 jackals (D:2)
  7 kobolds
  3 quokkas
  4 bats
  4 frilled lizards
  4 rats
80 creatures vanquished.

Vanquished Creatures (others)
  8 plants (D:1)
  A withered plant (D:1)
9 creatures vanquished.

Grand Total: 89 creatures vanquished

Notes
Turn   | Place    | Note
-------+----------+-------------------------------------------
     0 | D:1      | Plasmagod the Formicid Fighter began the quest for the Orb.
     0 | D:1      | Reached XP level 1. HP: 18/18 MP: 1/1
   258 | D:1      | Reached XP level 2. HP: 13/24 MP: 2/2
   448 | D:1      | Found a faded altar of an unknown god.
   603 | D:1      | Reached skill level 3 in Axes
   729 | D:1      | Reached XP level 3. HP: 27/29 MP: 3/3
  1109 | D:1      | Prayed at the altar of an unknown god.
  1109 | D:1      | Became a worshipper of Trog the Wrathful
  1109 | D:1      | Reached * piety under Trog
  1797 | D:2      | Reached skill level 4 in Axes
  1797 | D:2      | Reached XP level 4. HP: 35/35 MP: 4/4
  2868 | D:3      | Reached XP level 5. HP: 37/41 MP: 5/5
  3081 | D:3      | Reached skill level 5 in Axes
  3163 | D:3      | Reached ** piety under Trog
  3835 | D:4      | Noticed a phantom
  3848 | D:4      | Killed a phantom
  3849 | D:4      | Reached skill level 6 in Axes
  3849 | D:4      | Reached XP level 6. HP: 33/47 MP: 6/6
  4146 | D:4      | Reached XP level 7. HP: 52/52 MP: 7/7
  4159 | D:4      | Reached skill level 7 in Axes
  4382 | D:4      | Found a hide-covered altar of Uskayaw.
  4547 | D:4      | Noticed a +0 hand axe
  4547 | D:4      | Noticed a +0 dagger
  4570 | D:4      | Reached skill level 8 in Axes
  4754 | D:4      | Found a shimmering altar of Xom.
  4778 | D:4      | Mangled by an ogre

Illustrated notes

Levels and vault maps discovered:
D:1:      dpeg_arrival_simpleton_a, layout_basic,
          shapermc_ecumenical_altar_flowoftime
D:2:      layout_rooms, eino_tiny_chamber
D:3:      layout_basic, serial_glass, glass_columns_b, glass_columns_a,
          glass_columns_b, glass_columns_b, feat_on_display
D:4:      minmay_chambers_of_threes, layout_basic, xom_butterflies,
          dancing_weapons_uskayaw, hangedman_abyss_or_decor_passed,
          minmay_joined_circles

Skill      XL: |  1  2  3  4  5  6  7 |
---------------+----------------------+-----
Axes           | 3 4 6 8 |  8.0
Fighting       | |  3.2
Armour         | |  3.2
Shields        | |  4.0

Action                   |  1- 3 |  4- 6 |  7- 9 || total
-------------------------+-------+-------+-------++-------
Melee: War axe           |   106 |   112 |    72 ||   290
Armor: Scale mail        |    43 |    37 |    16 ||    96
Dodge: Dodged            |    48 |    45 |    22 ||   115
Block: Buckler           |    34 |    27 |    18 ||    79
